 Dungeon Crawl Stone Soup version 0.30-a0-782-ge64f9170bb (webtiles) character file.

Game seed: 8527285614435953554

260 Conn the Magician (level 5, -5/28 HPs)
             Began as a Deep Elf Fire Elementalist on Feb 19, 2023.
             Slain by a gnoll
             ... wielding a +0 flail
              (6 damage)
             ... on level 4 of the Dungeon.
             The game lasted 00:12:04 (3707 turns).

Conn the Magician (Deep Elf Fire Elementalist)      Turns: 3707, Time: 00:12:04

Health: -5/28      AC:  3    Str: 11    XL:     5   Next: 95%
Magic:  1/14       EV: 13    Int: 22    God:
Gold:   199        SH:  0    Dex: 15    Spells: 4/14 levels left

rFire   . . .      SeeInvis .    y - +4 short sword
rCold   + . .      Faith    +    (no shield)
rNeg    . . .      Spirit   .    a - +0 robe
rPois   .          Reflect  .    (no helmet)
rElec   .          Harm     .    (no cloak)
rCorr   .          Rampage  .    w - +0 pair of gloves
Will    .....                    (no boots)
Stlth   ++                       f - amulet of faith
HPRegen 0.24/turn                c - +6 ring of strength
MPRegen 0.14/turn                t - ring of protection from cold

@: mighty
A: no striking features
a: no special abilities


You were on level 4 of the Dungeon.
You visited 2 branches of the dungeon, and saw 5 of its levels.

You collected 199 gold pieces.

Inventory:

Hand Weapons
 d - a +0 dagger
 p - a +1 mace of holy wrath
 y - a +4 short sword (weapon)
Missiles
 A - 2 throwing nets
Armour
 a - a +0 robe (worn)
 g - a +1 ring mail of cold resistance
 w - a +0 pair of gloves (worn)
Magical Staves
 e - a staff of air
Jewellery
 c - a +6 ring of strength (left hand)
 f - an amulet of faith (around neck)
 t - a ring of protection from cold (right hand)
 v - a +6 ring of intelligence
Scrolls
 h - 2 scrolls of noise
 j - 4 scrolls of identify
 n - 2 scrolls of brand weapon {unknown}
 q - a scroll of fog {unknown}
 r - a scroll of blinking {unknown}
 u - a scroll of immolation {unknown}
 x - a scroll of magic mapping {unknown}
 z - a scroll of enchant armour {unknown}
Potions
 b - 2 potions of magic
 i - a potion of might
 k - 2 potions of curing {unknown}
 l - 2 potions of mutation {unknown}
 m - a potion of resistance


   Skills:
 + Level 0.2 Fighting
 + Level 1.0 Short Blades
 + Level 0.6 Maces & Flails
 + Level 3.2 Dodging
 + Level 3.4 Stealth
 + Level 5.3 Spellcasting
 + Level 2.1 Conjurations
 + Level 4.7 Fire Magic


You had 4 spell levels left.
You knew the following spells:

 Your Spells              Type           Power      Damage    Failure   Level
a - Foxfire               Conj/Fire      84%        2x1d8     2%          1
c - Inner Flame           Hex/Fire       16%        N/A       11%         3
d - Flame Wave            Conj/Fire      21%        2d8       24%         4
e - Scorch                Fire           52%        2d8       2%          2

Your spell library contained the following spells:

 Spells                   Type           Power      Damage    Failure   Level
 Sublimation of Blood     Necr           5%         N/A       14%         2
 Wereblood                Tmut           5%         N/A       14%         2
 Kindle Blastsparks       Fire/Tloc/Air  24%        2d12      16%         3
 Summon Hydra             Summ           2%         N/A       100%        7


Dungeon Overview and Level Annotations

Branches:
Dungeon (4/15)             Temple (1/1) D:4

Altars:
Cheibriados
Elyvilon
Fedhas
Gozag
Kikubaaqudgha
Makhleb
Qazlal
Ru
Uskayaw
Vehumet

Annotations:
D:4 Ijyb


Message History

You completely miss Ijyb.
Ijyb is severely wounded.
Ijyb barely misses you.
Casting: Foxfire (safe; 2% risk of failure)
Confirm with . or Enter, or press ? or * to list all spells.
You conjure some foxfire!
Ijyb hits you with a +0 club. The gnoll hits you with a +0 flail.
You hit Ijyb.
Ijyb is severely wounded.
The foxfire hits Ijyb but does no damage.
Ijyb is severely wounded.
The foxfire hits Ijyb.
Ijyb is almost dead.
You hit Ijyb but do no damage.
Ijyb is almost dead.
The gnoll hits you with a +0 flail. Ijyb closely misses you.
Your magical contamination has completely faded away.
Okay, then.
Casting: Foxfire (safe; 2% risk of failure)
Confirm with . or Enter, or press ? or * to list all spells.
Okay, then.
Unknown command.
Unknown command.
You barely miss Ijyb.
Ijyb is almost dead.
Ijyb hits you with a +0 club. The gnoll hits you with a +0 flail.
You barely miss Ijyb.
Ijyb is almost dead.
Ijyb closely misses you. The gnoll hits you with a +0 flail.
* * * LOW HITPOINT WARNING * * *
Okay, then.
Okay, then.
Unknown command.
Okay, then.
It was a potion of might.
You feel very mighty all of a sudden. Ijyb hits you with a +0 club.
* * * LOW HITPOINT WARNING * * *
The gnoll hits you with a +0 flail.
You die...

#...##......######
##.ยงยง............ ...
#.........#.#.. #.#
#######...###.## .>#####
# ###_#....##..# #..#...
#.#.#.8##......# ##.##...
........###....###..##.#.
?.......##.....###......
#.#.8.@#......)........
#_#_#gg#)###...........
#......)(......###.
#.....)........#...
###..................
#.................##.
##...................
#.!.................
#...#.......###.....


You could see Ijyb and a gnoll.

Vanquished Creatures
  An orc wizard (D:4)
  5 adders
  7 gnolls
  3 worms
  5 dart slugs
  9 orcs
  10 ball pythons
  8 bats
  6 endoplasms
  5 giant cockroaches
  4 goblins
  6 hobgoblins
  6 jackals
  2 quokkas
  5 frilled lizards
  9 kobolds
  6 rats
97 creatures vanquished.

Vanquished Creatures (others)
  297 foxfires
297 creatures vanquished.

Grand Total: 394 creatures vanquished

Notes
Turn   | Place    | Note
-------+----------+-------------------------------------------
     0 | D:1      | Conn the Deep Elf Fire Elementalist began the quest for the
                  | Orb.
     0 | D:1      | Reached XP level 1. HP: 10/10 MP: 6/6
   232 | D:1      | Reached XP level 2. HP: 15/15 MP: 4/8
   638 | D:1      | Reached XP level 3. HP: 19/19 MP: 7/10
  1186 | D:2      | Found a hide-covered altar of Uskayaw.
  1275 | D:2      | Reached skill level 4 in Spellcasting
  1275 | D:2      | Reached XP level 4. HP: 21/24 MP: 3/12
  1869 | D:2      | Reached XP level 5. HP: 10/28 MP: 8/14
  2970 | D:4      | Found a staircase to the Ecumenical Temple.
  2977 | Temple   | Entered the Ecumenical Temple
  3050 | D:4      | Reached skill level 5 in Spellcasting
  3107 | D:4      | Reached skill level 1 in Short Blades
  3471 | D:4      | Found a stormy altar of Qazlal.
  3471 | D:4      | Found a hide-covered altar of Uskayaw.
  3471 | D:4      | Noticed Ijyb
  3583 | D:4      | Found a snail-covered altar of Cheibriados.
  3601 | D:4      | Learned a level 2 spell: Scorch
  3605 | D:4      | Learned a level 3 spell: Inner Flame
  3610 | D:4      | Learned a level 4 spell: Flame Wave
  3707 | D:4      | HP: 1/28 [Ijyb/+0 club (4)]
  3707 | D:4      | Slain by a gnoll

Illustrated notes

Levels and vault maps discovered:
D:1:      lemuel_arrival_behind_the_door_small, layout_rooms,
          grunt_decor_clamped, minmay_crystal_room,
          nicolae_concentric_dashed_squares_mild, chequers_serial_rivers_small_b
D:2:      minmay_skewed_foursquare, layout_loops_ring, basic_altar
D:3:      minmay_door_path, layout_basic
D:4:      layout_cave_pools, regret_index_temple_of_mockery, minitemple,
          eino_small_chamber_without_monster, uniq_ijyb
Temple:   hellmonk_temple_of_storms

Skill      XL: |  1  2  3  4  5 |
---------------+----------------+-----
Fire Magic     | 4 |  4.7
Spellcasting   | 4 5 |  5.3
Dodging        | 3 |  3.2
Short Blades   | 1 |  1.0
Stealth        | 3 |  3.4
Conjurations   | 2 |  2.1
Fighting       | |  0.2
Maces & Flails | |  0.6

Action                     |  1- 3 |  4- 6 || total
---------------------------+-------+-------++-------
  Melee: Dagger            |    16 |    23 ||    39
         Unarmed           |     2 |       ||     2
         Mace              |       |    27 ||    27
         Short sword       |       |     8 ||     8
         Punch             |       |     1 ||     1
   Cast: Foxfire           |    69 |   112 ||   181
         Inner Flame       |       |     1 ||     1
    Use: Scroll            |       |     6 ||     6
         Potion            |       |     1 ||     1
   Stab: Sleeping          |       |     9 ||     9
 Armour: Robe              |     6 |     9 ||    15
  Dodge: Dodged            |    21 |    54 ||    75

Table legend: (Time is in decaauts)
 A = Elapsed time spent in this place.
 B = Non-inter-level travel time spent in this place.
 C = Inter-level travel time spent in this place.
 D = Time resting spent in this place.
 E = Time spent auto-exploring this place.
 F = Levels seen in this place.
 G = Mean time per level.
                   A        B        C        D        E       F      G
               +--------+--------+--------+--------+--------+-----+--------+
         Total |   3716 |   3682 |     34 |      0 |   2560 |   5 |  743.2 |
       Dungeon |   3655 |   3621 |     34 |      0 |   2551 |   4 |  913.8 |
        Temple |     60 |     60 |      0 |      0 |      9 |   1 |   60.0 |
               +--------+--------+--------+--------+--------+-----+--------+

Top non-repeatable levels by time:
     D:2: 1147 daAuts
     D:1: 1079 daAuts
     D:3: 714 daAuts
     D:4: 714 daAuts
  Temple: 60 daAuts
